 Dungeon Crawl Stone Soup version 0.29.0-4-gdea44cf6ec (webtiles) character file.

Game seed: 4675328214448316362

125 qw the Chopper (level 5, 0/30 HPs)
             Began as a Tengu Warper on Aug 28, 2022.
             Slain by a jackal (2 damage)
             ... on level 3 of the Dungeon.
             The game lasted 00:00:14 (3143 turns).

qw the Chopper (Tengu Warper)                       Turns: 3143, Time: 00:00:15

Health: 0/30       AC:  7    Str: 13    XL:     5   Next: 9%
Magic:  9/9        EV: 11    Int: 13    God:
Gold:   101        SH:  5    Dex: 14    Spells: 8/8 levels left

rFire   . . .      SeeInvis .   Y - +0 hand axe
rCold   . . .      Faith    .   (no shield)
rNeg    . . .      Spirit   .   a - +0 scale mail
rPois   .          Reflect  +   (helmet restricted)
rElec   .          Harm     .   (no cloak)
rCorr   .          Rampage  .   e - +0 pair of gloves
Will    .....                   (boots unavailable)
Stlth   ..........              c - amulet of reflection
HPRegen 0.10/turn               (no ring)
MPRegen 0.11/turn               (no ring)

@: about to teleport, flying quickly and evasively, quick
A: beak, talons 3, nimble flight
a: no special abilities


You were on level 3 of the Dungeon.
You visited 1 branch of the dungeon, and saw 3 of its levels.

You collected 101 gold pieces.


Innate Abilities, Weirdness & Mutations

You have a beak for a mouth.
You have claws for feet.
Your magical nature lets you fly swiftly and evasively.


   Skills:
 - Level 2.0 Fighting
 + Level 5.6 Axes
 - Level 1.0 Throwing
 - Level 1.1 Armour
 - Level 2.1 Dodging
 - Level 2.0 Spellcasting
 - Level 2.4 Translocations


You had 8 spell levels left.
You didn't know any spells.
Your spell library contained the following spells:

 Spells                   Type           Power      Damage    Failure   Level
 Blink                    Tloc           14%        N/A       56%         2
 Gell's Gravitas          Tloc           7%         N/A       80%         3
 Lesser Beckoning         Tloc           7%         N/A       80%         3
 Teleport Other           Tloc           7%         N/A       80%         3
 Manifold Assault         Tloc           7%         N/A       100%        5

Inventory:

Hand Weapons
 b - a +2 whip of venom
 Y - a +0 hand axe (weapon)
Armour
 a - a +0 scale mail (worn)
 e - a +0 pair of gloves (worn)
Jewellery
 c - an amulet of reflection (around neck)
Scrolls
 d - 2 scrolls of immolation {unknown}
 f - a scroll of fog {unknown}
 j - a scroll of magic mapping {unknown}
 k - 3 scrolls of poison {unknown}
 n - 2 scrolls of identify
 o - a scroll of fear {unknown}
Potions
 g - a potion of might {unknown}
 h - 2 potions of heal wounds
 i - a potion of curing {unknown}
 m - a potion of berserk rage {unknown}

Dungeon Overview and Level Annotations

Branches:
Dungeon (3/15)

Altars:
Wu Jian


Message History

You hit the gnoll. You claw the gnoll.
The gnoll is moderately wounded.
The gnoll hits you with a +0 flail of protection!
You hit the gnoll. You claw the gnoll, but do no damage.
The gnoll is severely wounded.
The gnoll closely misses you.
You hit the gnoll.
You kill the gnoll!
You have reached level 5!
Your magical nature develops, letting you fly swiftly and evasively.
You start resting.
A gnoll is nearby!
A gnoll comes into view. It is wielding a +0 spear.
The gnoll shouts!
You hear a bark!
A jackal comes into view.
The gnoll closely misses you.
Things that are here:
a +0 flail of protection; a gnoll corpse
3137 ||| Stepping ~*~*~tactically~*~*~ (hiding).
The jackal barks!
The gnoll closely misses you.
Things that are here:
a +0 flail of protection; a gnoll corpse A jackal comes into view.
The gnoll barely misses you. The gnoll hits you with a +0 spear.
You closely miss the gnoll. You hit the gnoll.
The gnoll hits you with a +0 halberd. You block the gnoll's attack.
You hit the gnoll. You claw the gnoll.
The gnoll is severely wounded.
You hit the gnoll. The gnoll misses you. The gnoll barely misses you.
You hit the gnoll.
You kill the gnoll!
You hit the gnoll but do no damage. You hit the jackal. The jackal bites you.
The gnoll hits you with a +0 spear.
3143 ||| READING scroll of teleportation.
As you read the scroll of teleportation, it crumbles to dust.
You feel strangely unstable. The jackal bites you.
You die...

###.................#####...
#.........##############..#.
#.###'###................###
#.# #.# #.##############..#.
#.###.###......##.##........
#.###_..'.####.#.#.#.####...
##.###.###.##....###[.# ##.#
#..# #.# #.).)..#.#.#.#####.#
#..###'###.#@h..##.##.##....#
#..........#gh..##...........
#....###..##....#####.##.####
#####.###.#.....# #.##.#
##.##..#...######.##.#
##...##.#.....##.##.#
##.###...###.##.##.#
#............#.##.#
#.#########..#.##.##


You could see a gnoll and 2 jackals.

Vanquished Creatures
  Jessica (D:2)
  2 gnolls (D:3)
  2 worms
  2 dart slugs
  7 bats
  5 endoplasms
  11 giant cockroaches
  5 hobgoblins
  4 quokkas
  6 ball pythons
  11 goblins
  2 kobolds
  4 rats
62 creatures vanquished.

Vanquished Creatures (others)
  A plant (D:3)
1 creature vanquished.

Grand Total: 63 creatures vanquished

Notes
Turn   | Place    | Note
-------+----------+-------------------------------------------
     0 | D:1      | qw the Tengu Warper began the quest for the Orb.
     0 | D:1      | Reached XP level 1. HP: 12/12 MP: 4/4
     0 | D:1      | 0 ||| qw: Version: 0.1-a-89-g26bdef1
     0 | D:1      | 0 ||| qw: Game counter: 1298
     0 | D:1      | 0 ||| qw: Always use a shield: true
     0 | D:1      | 0 ||| qw: God list: Okawaru
     0 | D:1      | 0 ||| qw: Allow faded altars: false
     0 | D:1      | 0 ||| qw: Do Orc after D:15 true
     0 | D:1      | 0 ||| qw: Do second Lair branch before Depths: true
     0 | D:1      | 0 ||| qw: Lair rune preference: random
     0 | D:1      | 0 ||| qw: Plans: Normal
     0 | D:1      | 0 ||| PLANNING D:1-11
   107 | D:1      | Found a faded altar of an unknown god.
   143 | D:1      | Reached skill level 3 in Axes
   143 | D:1      | Reached XP level 2. HP: 17/17 MP: 6/6
   322 | D:1      | You fall into a shaft and drop 1 floor!
   515 | D:2      | 515 ||| READING scroll labelled KUTATOSKAP.
   576 | D:2      | 576 ||| READING scroll labelled HOIPHI OMNITASEO.
   577 | D:2      | 577 ||| DROPPING scroll of blinking.
   808 | D:1      | Reached XP level 3. HP: 21/21 MP: 7/7
  1224 | D:1      | 1224 ||| UPGRADING to +0 scale mail.
  1234 | D:1      | 1234 ||| DROPPING +0 leather armour.
  1235 | D:1      | 1235 ||| UPGRADING to +0 pair of gloves.
  1240 | D:1      | 1240 ||| DROPPING amulet of faith.
  1241 | D:1      | 1241 ||| DROPPING ring of wizardry.
  1242 | D:1      | 1242 ||| READING scroll labelled CUFISSI HYEHY.
  1308 | D:2      | Reached skill level 4 in Axes
  1378 | D:2      | 1378 ||| Stepping ~*~*~tactically~*~*~ (stealth).
  1490 | D:2      | 1490 ||| DROPPING +0 club.
  1608 | D:2      | Noticed Jessica
  1609 | D:2      | 1609 ||| Stepping ~*~*~tactically~*~*~ (hiding).
  1610 | D:2      | 1610 ||| Stepping ~*~*~tactically~*~*~ (hiding).
  1619 | D:2      | HP: 5/21 [Jessica/nerve-wracking pain (7)]
  1620 | D:2      | 1620 ||| READING scroll of teleportation.
  1621 | D:2      | HP: 1/21 [Jessica/+0 club (4)]
  2308 | D:2      | 2308 ||| Stepping ~*~*~tactically~*~*~ (stealth).
  2312 | D:2      | Killed Jessica
  2313 | D:2      | Reached XP level 4. HP: 26/26 MP: 8/8
  2387 | D:2      | 2387 ||| Stepping ~*~*~tactically~*~*~ (hiding).
  2600 | D:2      | 2600 ||| UPGRADING to amulet of reflection.
  2605 | D:2      | 2605 ||| DRINKING 3 metallic inky potions.
  2626 | D:3      | Reached skill level 5 in Axes
  2811 | D:3      | Found an ornate altar of the Wu Jian Council.
  3130 | D:3      | 3130 ||| Stepping ~*~*~tactically~*~*~ (hiding).
  3135 | D:3      | Gained mutation: Your magical nature lets you fly swiftly
                  | and evasively. [Tengu growth]
  3135 | D:3      | Reached XP level 5. HP: 19/30 MP: 9/9
  3137 | D:3      | 3137 ||| Stepping ~*~*~tactically~*~*~ (hiding).
  3142 | D:3      | HP: 7/30 [jackal (1)]
  3142 | D:3      | HP: 2/30 [gnoll/+0 spear (5)]
  3143 | D:3      | 3143 ||| READING scroll of teleportation.
  3143 | D:3      | Slain by a jackal

Levels and vault maps discovered:
D:1:      minmay_arrival_doors, layout_basic,
          dreamdust_ecumenical_altar_statues, dk_noncrumbling_2
D:2:      layout_loops_corners, uniq_jessica
D:3:      minmay_roachtagon, layout_loops_ring, lemuel_doored_altar,
          bloody_trog, serial_bayou_pond_e, glass_columns_a

Skill      XL: |  1  2  3  4 |
---------------+-------------+-----
Axes           | 3 4 5 |  5.6
Fighting       | |  2.0
Throwing       | |  1.0
Armour         | |  1.1
Dodging        | |  2.1
Spellcasting   | |  2.0
Translocations | |  2.4

Action                   |  1- 3 |  4- 6 || total
-------------------------+-------+-------++-------
Melee: Hand axe          |    89 |    58 ||   147
       Kick              |    19 |    15 ||    34
       Peck              |     8 |     4 ||    12
       Punch             |     1 |       ||     1
Throw: Boomerang         |     7 |       ||     7
  Use: Scroll            |     4 |     1 ||     5
       Potion            |       |     1 ||     1
Armor: Leather armour    |    10 |       ||    10
       Scale mail        |    23 |    14 ||    37
Dodge: Dodged            |    37 |    25 ||    62
Block: Other             |       |     8 ||     8

Table legend:
 A = Non-vault XP
 B = Vault XP
 C = Vault XP percentage of total XP
 D = Non-vault monster count
 E = Vault monster count
 F = Vault count percentage of total count
                 A         B        C        D         E       F
            +---------+---------+-------+---------+---------+-------
      Total |     122 |      57 |  31.8 |      51 |      11 |  17.7
            +---------+---------+-------+---------+---------+-------
        D:1 |      27 |       0 |   0.0 |      14 |       0 |   0.0
        D:2 |      47 |      37 |  44.0 |      25 |       1 |   3.8
        D:3 |      48 |      20 |  29.4 |      12 |      10 |  45.5
            +---------+---------+-------+---------+---------+-------
